 Dungeon Crawl Stone Soup version 0.23.2-40-g277498a001 (webtiles) character file.

Game seed: 2671029362888281591

774 FishyPogo the Insei (level 7, -1/53 HPs)
             Began as a Gnoll Transmuter on Oct 4, 2019.
             Was an Initiate of Makhleb.
             Slain by Duvessa
             ... wielding a +0 short sword
              (7 damage)
             ... on level 5 of the Dungeon.
             The game lasted 00:16:09 (3259 turns).

FishyPogo the Insei (Gnoll Transmuter)              Turns: 3259, Time: 00:16:11

Health: -1/53      AC:  3    Str: 12    XL:     7   Next: 84%
Magic:  15/15      EV: 16    Int: 15    God:    Makhleb [......]
Gold:   213        SH:  0    Dex: 18    Spells: 11/17 levels left

rFire    . . .     SeeInvis .   a - +3 short sword (speed)
rCold    . . .     Gourm    .   (no shield)
rNeg     . . .     Faith    +   b - +0 robe
rPois    .         Spirit   .   o - +0 helmet
rElec    .         Reflect  .   (no cloak)
rCorr    .         Harm     .   (no gloves)
MR       .....                  (no boots)
Stlth    ++........             f - amulet of faith
HPRegen  0.17/turn              p - ring of wizardry
MPRegen  0.14/turn              (no ring)

@: no status effects
A: distributed training, fangs 1, strong nose
a: Renounce Religion


You were on level 5 of the Dungeon.
You worshipped Makhleb.
Makhleb was noncommittal.
You were not hungry.

You visited 2 branches of the dungeon, and saw 6 of its levels.

You collected 213 gold pieces.

Inventory:

Hand Weapons
 a - a +3 short sword of speed (weapon)
 C - a +0 blowgun
Missiles
 g - 33 arrows
 k - 144 stones (quivered)
 B - 18 poisoned needles
Armour
 b - a +0 robe (worn)
 o - a +0 helmet (worn)
 s - a +0 shield
 y - a +2 cloak of magic resistance
Jewellery
 f - an amulet of faith (around neck)
 p - a ring of wizardry (left hand)
 A - an uncursed ring of ice
Wands
 w - a wand of polymorph (5)
 H - a wand of acid (11)
Scrolls
 e - 2 scrolls of identify {unknown}
 j - a scroll of enchant armour {unknown}
 l - 5 scrolls of teleportation {unknown}
 m - 2 scrolls of blinking {unknown}
 t - 2 scrolls of remove curse {unknown}
 z - 2 scrolls of fog {unknown}
 D - 2 scrolls of immolation {unknown}
 E - 2 scrolls of random uselessness {unknown}
 F - a scroll of amnesia {unknown}
Potions
 h - a potion of haste {unknown}
 i - 2 potions of cancellation {unknown}
 n - 2 potions of invisibility {unknown}
 q - a potion of resistance
 r - 3 potions of brilliance {unknown}
 u - a potion of degeneration {unknown}
 v - 4 potions of agility {unknown}
 x - a potion of lignification {unknown}
 G - a potion of magic {unknown}
 I - 2 potions of heal wounds {unknown}
Comestibles
 d - 9 rations


   Skills:
 + Level 3.8 Fighting
 + Level 2.7 Short Blades
 + Level 2.7 Long Blades
 + Level 2.7 Axes
 + Level 2.7 Maces & Flails
 + Level 2.7 Polearms
 + Level 2.7 Staves
 + Level 2.7 Slings
 + Level 2.7 Bows
 + Level 2.7 Crossbows
 + Level 2.7 Throwing
 + Level 2.7 Armour
 + Level 5.3 Dodging
 + Level 2.7 Stealth
 + Level 2.7 Shields
 + Level 7.1 Unarmed Combat
 + Level 5.7 Spellcasting
 + Level 2.2 Conjurations
 + Level 2.2 Hexes
 + Level 2.2 Charms
 + Level 2.2 Summonings
 + Level 2.2 Necromancy
 + Level 2.2 Translocations
 + Level 4.4 Transmutations
 + Level 2.2 Fire Magic
 + Level 2.2 Ice Magic
 + Level 2.2 Air Magic
 + Level 2.2 Earth Magic
 + Level 2.2 Poison Magic
 + Level 3.0 Invocations
 + Level 2.7 Evocations


You had 11 spell levels left.
You knew the following spells:

 Your Spells              Type           Power        Failure   Level  Hunger
d - Beastly Appendage     Tmut           ###...       1%          1    None
e - Spider Form           Tmut/Pois      ##........   4%          3    ###....
f - Sticks to Snakes      Tmut           ###.....     1%          2    #......

Your spell library contained the following spells:

 Spells                   Type           Power        Failure   Level  Hunger
 Ice Form                 Ice/Tmut       ##......     16%         4    ####...
 Blade Hands              Tmut           ###.......   26%         5    ######.


Dungeon Overview and Level Annotations

Branches:
Dungeon (5/15)             Temple (1/1) D:4

Altars:
Ashenzari
Cheibriados
Dithmenos
Elyvilon
Fedhas
Hepliaklqana
Kikubaaqudgha
Makhleb
Nemelex Xobeh
Ru
Trog
Wu Jian
Xom

Shops:
D:4 }

Annotations:
D:5 Duvessa


Innate Abilities, Weirdness & Mutations

Your experience applies equally to all skills.
You have very sharp teeth.
Your uncanny sense of smell can sniff out nearby items.


Message History

You hit Duvessa but do no damage.
Duvessa looks as sick as possible!
Duvessa is moderately wounded.
Duvessa misses you. Duvessa closely misses you.
You hit Duvessa but do no damage.
Duvessa looks as sick as possible!
Duvessa is moderately wounded.
Duvessa completely misses you. Duvessa hits you with a +0 short sword!
* * * LOW HITPOINT WARNING * * *
You hit Duvessa.
Duvessa looks as sick as possible!
Duvessa is heavily wounded.
Duvessa hits you with a +0 short sword.
* * * LOW HITPOINT WARNING * * *
Duvessa rages.
You bite Duvessa!
Duvessa looks as sick as possible!
Duvessa is severely wounded.
Your transformation has ended.
Your +3 short sword of speed unmelds from your body.
Your +0 helmet unmelds from your body.
Your +0 robe unmelds from your body.
Your hands tingle!
Duvessa hits you with a +0 short sword!
You die...

........# #.#
........####.##
oe.......e..)>#
.......?####)##
####....##...#
#########...#
#.......#...#
#.......#...#
#...@e......#
.####.####....#
.........#....###
......#.........#
#........######.#
+...............#
#........######..
#.............# #
#...........#.#


You could see Duvessa (berserk).

Vanquished Creatures
  A hippogriff (D:4)
  Blork the orc (D:4)
  A scorpion (D:5)
  Dowan (D:5)
  Crazy Yiuf (D:4)
  A bullfrog skeleton (D:5)
  Ijyb (D:3)
  Terence (D:3)
  3 orc wizards (D:4)
  4 worker ants
  Robin (D:2)
  5 adders
  An ooze (D:4)
  A worm (D:3)
  A dart slug (D:4)
  A leopard gecko (D:2)
  9 orcs
  10 bats
  6 giant cockroaches
  5 goblins
  2 hobgoblins
  3 jackals (D:3)
  7 kobolds
  3 quokkas
  A frilled lizard (D:4)
  A leopard gecko skeleton (D:4)
  2 rats (D:2)
74 creatures vanquished.

Vanquished Creatures (collateral kills)
  An adder (D:2)
  2 bats (D:2)
  6 goblins (D:2)
  2 hobgoblins (D:2)
  A rat (D:2)
12 creatures vanquished.

Grand Total: 86 creatures vanquished

Notes
Turn   | Place    | Note
-------+----------+-------------------------------------------
     0 | D:1      | FishyPogo the Gnoll Transmuter began the quest for the Orb.
     0 | D:1      | Reached XP level 1. HP: 17/17 MP: 6/6
   335 | D:1      | Reached XP level 2. HP: 23/23 MP: 5/7
   353 | D:1      | Learned a level 2 spell: Sticks to Snakes
   673 | D:2      | Noticed Robin
   684 | D:2      | Reached skill level 5 in Spellcasting
   684 | D:2      | Reached XP level 3. HP: 7/28 MP: 3/9
   693 | D:2      | Killed Robin
   697 | D:2      | HP: 1/28 [goblin/sling bullet[Robin] (5)]
   700 | D:2      | Reached skill level 1 in Invocations
   731 | D:2      | Learned a level 3 spell: Spider Form
  1129 | D:2      | Reached skill level 1 in Short Blades
  1129 | D:2      | Reached skill level 1 in Long Blades
  1129 | D:2      | Reached skill level 1 in Axes
  1129 | D:2      | Reached skill level 1 in Maces & Flails
  1129 | D:2      | Reached skill level 1 in Polearms
  1129 | D:2      | Reached skill level 1 in Staves
  1129 | D:2      | Reached skill level 1 in Slings
  1129 | D:2      | Reached skill level 1 in Bows
  1129 | D:2      | Reached skill level 1 in Crossbows
  1129 | D:2      | Reached skill level 1 in Throwing
  1129 | D:2      | Reached skill level 1 in Armour
  1129 | D:2      | Reached skill level 1 in Stealth
  1129 | D:2      | Reached skill level 1 in Shields
  1129 | D:2      | Reached skill level 1 in Evocations
  1239 | D:3      | Reached XP level 4. HP: 30/34 MP: 9/11
  1247 | D:3      | Noticed Terence
  1270 | D:3      | Killed Terence
  1308 | D:3      | Noticed Ijyb
  1359 | D:3      | Killed Ijyb
  1359 | D:3      | Reached skill level 1 in Conjurations
  1359 | D:3      | Reached skill level 1 in Hexes
  1359 | D:3      | Reached skill level 1 in Charms
  1359 | D:3      | Reached skill level 1 in Summonings
  1359 | D:3      | Reached skill level 1 in Necromancy
  1359 | D:3      | Reached skill level 1 in Translocations
  1359 | D:3      | Reached skill level 1 in Fire Magic
  1359 | D:3      | Reached skill level 1 in Ice Magic
  1359 | D:3      | Reached skill level 1 in Air Magic
  1359 | D:3      | Reached skill level 1 in Earth Magic
  1359 | D:3      | Reached skill level 1 in Poison Magic
  1359 | D:3      | Reached XP level 5. HP: 22/40 MP: 8/12
  1445 | D:3      | Found a bloodstained altar of Trog.
  2202 | D:4      | Reached XP level 6. HP: 39/47 MP: 10/13
  2264 | D:4      | Found a shattered altar of Ashenzari.
  2436 | D:4      | Found Kaak's Gadget Emporium.
  2543 | D:4      | Noticed Blork the orc
  2554 | D:4      | Killed Blork the orc
  2554 | D:4      | Reached skill level 5 in Dodging
  2573 | D:4      | Noticed a hippogriff
  2583 | D:4      | Killed a hippogriff
  2583 | D:4      | Reached skill level 7 in Unarmed Combat
  2583 | D:4      | Reached XP level 7. HP: 43/52 MP: 15/15
  2664 | D:4      | Found a staircase to the Ecumenical Temple.
  2760 | Temple   | Entered the Ecumenical Temple
  2772 | Temple   | Became a worshipper of Makhleb the Destroyer
  2892 | D:4      | Found a runed translucent door.
  2893 | D:4      | Noticed Crazy Yiuf
  2906 | D:4      | Killed Crazy Yiuf
  2991 | D:4      | Found a hazy altar of Hepliaklqana.
  2991 | D:4      | Found a blossoming altar of Fedhas.
  2992 | D:4      | Found a shadowy altar of Dithmenos.
  3068 | D:5      | Entered Level 5 of the Dungeon
  3194 | D:5      | Noticed Dowan
  3239 | D:5      | Noticed Duvessa
  3243 | D:5      | Killed Dowan
  3259 | D:5      | Slain by Duvessa

Skill      XL: |  1  2  3  4  5  6  7 |
---------------+----------------------+-----
Spellcasting   | 5 |  5.7
Invocations    | 1 2 3 |  3.0
Short Blades   | 1 2 |  2.7
Long Blades    | 1 2 |  2.7
Axes           | 1 2 |  2.7
Maces & Flails | 1 2 |  2.7
Polearms       | 1 2 |  2.7
Staves         | 1 2 |  2.7
Slings         | 1 2 |  2.7
Bows           | 1 2 |  2.7
Crossbows      | 1 2 |  2.7
Throwing       | 1 2 |  2.7
Armour         | 1 2 |  2.7
Stealth        | 1 2 |  2.7
Shields        | 1 2 |  2.7
Evocations     | 1 2 |  2.7
Conjurations   | 1 2 |  2.2
Hexes          | 1 2 |  2.2
Charms         | 1 2 |  2.2
Summonings     | 1 2 |  2.2
Necromancy     | 1 2 |  2.2
Translocations | 1 2 |  2.2
Fire Magic     | 1 2 |  2.2
Ice Magic      | 1 2 |  2.2
Air Magic      | 1 2 |  2.2
Earth Magic    | 1 2 |  2.2
Poison Magic   | 1 2 |  2.2
Fighting       | 3 |  3.8
Transmutations | 4 |  4.4
Dodging        | 5 |  5.3
Unarmed Combat | 7 |  7.1

Action                   |  1- 3 |  4- 6 |  7- 9 || total
-------------------------+-------+-------+-------++-------
Melee: Unarmed           |    50 |    69 |    24 ||   143
       Bite              |     7 |     2 |     4 ||    13
       Headbutt          |     4 |       |       ||     4
       Kick              |     6 |    12 |    16 ||    34
       Dagger            |    21 |    44 |       ||    65
       Punch             |     2 |     1 |     2 ||     5
       Short sword       |       |       |    25 ||    25
Throw: Stone             |     4 |     1 |     1 ||     6
 Cast: Beastly Appendage |    21 |     6 |     3 ||    30
       Sticks to Snakes  |     3 |       |       ||     3
       Spider Form       |     2 |    11 |     6 ||    19
  Use: Potion            |     2 |       |       ||     2
 Stab: Sleeping          |     3 |     5 |     3 ||    11
  Eat: Chunk             |     1 |     5 |     3 ||     9
Armor: Robe              |    16 |     4 |     3 ||    23
       Skin              |     1 |     2 |       ||     3
Dodge: Dodged            |    59 |    72 |    21 ||   152
